 Dungeon Crawl Stone Soup version 0.30-a0-996-ga6910c8ee8 (webtiles) character file.

Game seed: 10104459197735292474

184 qeuew the Shield-Bearer (level 5, -1/42 HPs)
             Began as a Formicid Fighter on Apr 4, 2023.
             Slain by a river rat (5 damage)
             ... on level 5 of the Dungeon.
             The game lasted 00:03:01 (2004 turns).

qeuew the Shield-Bearer (Formicid Fighter)          Turns: 2004, Time: 00:03:02

Health: -1/42      AC:  7    Str: 22 (23) XL:     5   Next: 95%
Magic:  5/5        EV:  9    Int:  7      God:
Gold:   166        SH:  5    Dex: 13      Spells: 4/4 levels left

rFire   . . .      SeeInvis +    a - +0 trident
rCold   . . .      Faith    .    c - +0 buckler
rNeg    . . .      Spirit   .    b - +0 scale mail
rPois   .          Reflect  .    (helmet unavailable)
rElec   .          Rampage  .    (no cloak)
rCorr   .                        (no gloves)
Will    .....                    (no boots)
Stlth   +                        (no amulet)
HPRegen 0.27/turn                (no ring)
MPRegen 0.09/turn                (no ring)

@: mighty
A: permanent stasis, dig shafts and tunnels, antennae 3, four strong arms,
camouflage 1, mutation resistance 1
a: Dig, Shaft Self


You were on level 5 of the Dungeon.
You visited 1 branch of the dungeon, and saw 4 of its levels.

You collected 166 gold pieces.

Inventory:

Hand Weapons
 a - a +0 trident (weapon)
Armour
 b - a +0 scale mail (worn)
 c - a +0 buckler (worn)
Wands
 e - a wand of charming (3)
Potions
 d - a potion of might
 f - a potion of flight
 g - a potion of mutation
 i - a potion of curing


   Skills:
 + Level 4.0 Fighting
 * Level 3.5 Polearms
 * Level 4.6 Armour
 + Level 4.8 Shields
 + Level 0.9 Evocations


You had 4 spell levels left.
You didn't know any spells.
Your spell library contained the following spells:

 Spells                   Type           Power      Damage    Failure   Level
 Summon Small Mammal      Summ           0%         N/A       82%         1
 Call Canine Familiar     Summ           0%         N/A       99%         3
 Ignite Poison            Fire/Tmut/Pois 0%         N/A       99%         3
 Summon Guardian Golem    Hex/Summ       0%         N/A       99%         3
 Sticky Flame             Conj/Fire      0%         2d3       100%        4
 Ignition                 Fire           0%         3d3       100%        8


Dungeon Overview and Level Annotations

Branches:
Dungeon (3/15)

Altars:


Innate Abilities, Weirdness & Mutations

You cannot be hasted, slowed, berserked, paralysed or teleported.
You can dig through walls and to a lower floor.
You have a pair of large antennae on your head. (SInv)
Your four strong arms can wield two-handed weapons with a shield.
Your skin changes colour to match your surroundings (Stealth+).
You are somewhat resistant to further mutation.


Message History

The adder bites you. The shadow imp hits you.
A worm comes into view.
The orc hits you with a +0 dagger. The adder bites you.
You are poisoned.
The adder poisons you!
You hit the shadow imp.
You kill the shadow imp!
You feel sick. The adder bites you but does no damage.
The orc hits you with a +0 dagger.
Unknown command.
You closely miss the river rat.
You feel sick. The adder bites you but does no damage.
The river rat barely misses you. The orc closely misses you.
Unknown command.
You miss the adder.
You feel sick. You block the adder's attack. You block the river rat's attack.
The orc splashes around in the water.
The adder bites you but does no damage.
You hit the adder but do no damage.
You feel sick. The river rat barely misses you.
The orc hits you with a +0 dagger. You block the adder's attack.
The river rat bites you.
* * * LOW HITPOINT WARNING * * *
Unknown command.
You feel better. The adder bites you but does no damage.
You block the orc's attack. The adder bites you but does no damage.
The river rat closely misses you.
Okay, then.
You feel very mighty all of a sudden. The orc hits you with a +0 dagger.
The adder bites you but does no damage. The river rat bites you.
* * * LOW HITPOINT WARNING * * *
You closely miss the adder. The adder bites you but does no damage.
You block the orc's attack. The river rat completely misses you.
You puncture the adder!
You kill the adder!
The orc hits you but does no damage. The river rat bites you!
* * * LOW HITPOINT WARNING * * *
The orc hits you with a +0 dagger.
* * * LOW HITPOINT WARNING * * *
You closely miss the orc. The river rat bites you.
You die...

....##..####..#......<..
#.....................
#.....#####...#........
##....# ##..##.......
##.... #....#.#....
#.#..( #†##........
#...#.. #.....######
###.#.#. #...††#~~
#.#.#.##.#.@~#r#
#.#.ro#~# #...w~~~# {
#......~#~# #......~~~#
{ #.(......#~#
...<.....~~~# {
##.........~~#
.............#


You could see a worm, a river rat and an orc.

Vanquished Creatures
  A scorpion (D:5)
  A jelly (D:3)
  An adder (D:5)
  2 river rats (D:5)
  A shadow imp (D:5)
  A worm (D:5)
  A dart slug (D:2)
  3 bats
  6 endoplasms
  A giant cockroach (D:2)
  5 hobgoblins
  7 jackals (D:2)
  5 ball pythons
  4 frilled lizards
  3 goblins
  6 kobolds
  10 rats
58 creatures vanquished.

Notes
Turn   | Place    | Note
-------+----------+-------------------------------------------
     0 | D:1      | qeuew the Formicid Fighter began the quest for the Orb.
     0 | D:1      | Reached XP level 1. HP: 18/18 MP: 1/1
    83 | D:1      | Reached XP level 2. HP: 24/24 MP: 2/2
   851 | D:1      | Gained mutation: Your skin changes colour to match your
                  | surroundings (Stealth+). [potion of mutation]
   851 | D:1      | Gained mutation: You are somewhat resistant to further
                  | mutation. [potion of mutation]
   873 | D:2      | Reached XP level 3. HP: 29/29 MP: 3/3
  1772 | D:3      | Reached XP level 4. HP: 36/37 MP: 4/4
  1920 | D:3      | You fall into a shaft and drop 2 floors!
  1920 | D:5      | Entered Level 5 of the Dungeon
  1946 | D:5      | Reached XP level 5. HP: 23/42 MP: 5/5
  1988 | D:5      | HP: 2/42 [poisoned by an adder]
  2004 | D:5      | Slain by a river rat

Illustrated notes

Levels and vault maps discovered:
D:1:      dpeg_arrival_arbitrary_c, layout_loops_ring,
          nicolae_concentric_dashed_squares_mild, kennysheep_another_room
D:2:      layout_basic, serial_forest, infiniplex_forest_lined_2,
          infiniplex_forest_lined_ring, infiniplex_forest_straight_2,
          infiniplex_forest_lined_4_way, minmay_quadrilaterals
D:3:      layout_rooms, lemuel_coloured_pillars_altar, serial_curves,
          eino_curves_03, eino_curves_04
D:5:      layout_rooms, lightli_sewer_entry_pipes

Skill      XL: |  1  2  3  4  5 |
---------------+----------------+-----
Armour         | 4 |  4.6
Polearms       | 3 |  3.5
Fighting       | 4 |  4.0
Shields        | |  4.8
Evocations     | |  0.9

Action                     |  1- 3 |  4- 6 || total
---------------------------+-------+-------++-------
  Melee: Trident           |   122 |    70 ||   192
    Use: Potion            |     6 |     4 ||    10
         Scroll            |     6 |       ||     6
 Armour: Scale mail        |    49 |    37 ||    86
  Dodge: Dodged            |    39 |    37 ||    76
  Block: Buckler           |    30 |    17 ||    47

Table legend: (Time is in decaauts)
 A = Elapsed time spent in this place.
 B = Non-inter-level travel time spent in this place.
 C = Inter-level travel time spent in this place.
 D = Time resting spent in this place.
 E = Time spent auto-exploring this place.
 F = Levels seen in this place.
 G = Mean time per level.
                   A        B        C        D        E       F      G
               +--------+--------+--------+--------+--------+-----+--------+
         Total |   2042 |   2003 |     39 |     51 |   1519 |   4 |  510.5 |
       Dungeon |   2042 |   2003 |     39 |     51 |   1519 |   4 |  510.5 |
               +--------+--------+--------+--------+--------+-----+--------+

Top non-repeatable levels by time:
     D:2: 905 daAuts
     D:1: 882 daAuts
     D:3: 161 daAuts
     D:5: 93 daAuts
